AoeStats
← Tetsu.Japan

Black Forest

509894087Analyzed
4v4 RM · 3d ago on Sep 28, 2026· 63m 22s· 8 players
Game mode
Random Map
Map size
Large (8 player)
Population
200
Speed
Normal
Resources
Standard
Victory
Conquest
Starting age
Dark Age
Ending age
Imperial Age
RankedLock teamsTeams togetherTeam positionsShared explorationLock speedFull tech treeHidden civsTurbo modeCheats
Victory
Defeat
🇹🇼 Japanese · Taiwan
1347
+14
🇯🇵 Persians · Japan
1300
+16
🇺🇸 Cumans · United States
1277
+17
🇵🇾 Magyars · Paraguay
1273
+17
🇹🇼 Persians · Taiwan
1323
-16
1314
-16
🇨🇳 Lithuanians · China
1300
-16
🇨🇳 Bohemians · China
1295
-16
Pol Pot·波尔布特
1:32 Loom
8:06 Double-Bit Axe
11:41 Feudal Age
10:25 Horse Collar
16:51 Castle Age
15:28 Bow Saw
15:30 Heavy Plow
17:12 Wheelbarrow
17:18 Forging
17:20 Man-at-Arms
19:24 Stone Mining
21:30 Two-Man Saw
23:52 Gold Mining
24:42 Scale Barding Armor
26:42 Chain Barding Armor
26:58 Iron Casting
26:27 Cavalier
28:37 Husbandry
29:28 Gold Shaft Mining
30:15 Iron Casting
31:09 Stone Shaft Mining
31:13 Hand Cart
36:30 Imperial Age
34:15 Devotion
35:03 Herbal Medicine
36:31 Town Watch
36:37 Paladin
37:43 Conscription
38:03 Plate Barding Armor
38:28 Blast Furnace
38:36 Chemistry
42:23 Padded Archer Armor
43:11 Hoardings
44:38 Leather Archer Armor
43:53 Light Cavalry
45:46 Hussar
49:39 Crop Rotation
50:15 Caravan
52:35 Fletching
53:10 Ballistics
52:31 Treadmill Crane
52:49 Murder Holes
hobbyya
3:26 Loom
10:43 Feudal Age
12:11 Double-Bit Axe
12:07 Horse Collar
15:18 Castle Age
16:48 Bow Saw
17:26 Scale Barding Armor
17:41 Husbandry
23:48 Bloodlines
28:59 Forging
29:45 Chain Barding Armor
31:37 Wheelbarrow
32:06 Gold Mining
33:35 Heavy Plow
36:32 Imperial Age
34:23 Hand Cart
34:22 Stone Mining
36:13 Kamandaran
36:04 Fletching
36:15 Padded Archer Armor
36:53 Bodkin Arrow
37:24 Thumb Ring
36:39 Crossbowman
38:30 Chemistry
37:52 Ballistics
37:06 Cavalier
38:08 Leather Archer Armor
38:49 Conscription
39:31 Ring Archer Armor
40:11 Caravan
40:42 Coinage
41:52 Banking
42:20 Elite War Elephant
44:15 Plate Barding Armor
44:16 Iron Casting
49:41 Town Watch
茉莉花茶
11:10 Feudal Age
12:20 Double-Bit Axe
12:50 Horse Collar
15:14 Castle Age
16:33 Bow Saw
17:44 Loom
23:32 Fletching
26:02 Wheelbarrow
27:45 Gold Mining
28:36 Hand Cart
28:52 Hill Forts
28:45 Town Watch
29:07 Stone Mining
30:10 Forging
30:06 Scale Barding Armor
32:45 Imperial Age
31:38 Iron Casting
31:07 Town Patrol
31:39 Husbandry
31:50 Bloodlines
32:52 Elite Leitis
33:52 Conscription
34:02 Cavalier
35:19 Paladin
36:42 Chain Barding Armor
37:11 Stone Shaft Mining
38:34 Devotion
41:25 Treadmill Crane
45:27 Scale Mail Armor
46:11 Plate Barding Armor
49:42 Heavy Plow
50:17 Bodkin Arrow
50:22 Padded Archer Armor
50:01 Elite Skirmisher
50:47 Thumb Ring
51:41 Light Cavalry
52:56 Leather Archer Armor
52:49 Bracer
57:03 Scale Mail Armor
57:01 Pikeman
57:42 Squires
57:28 Arson
58:57 Halberdier
fay
0:33 Loom
13:02 Feudal Age
16:54 Castle Age
15:32 Double-Bit Axe
19:11 Wheelbarrow
36:19 Imperial Age
35:23 Chemistry
35:48 Fortified Wall
Tetsu.Japan
4:56 Loom
12:00 Feudal Age
12:42 Double-Bit Axe
12:51 Horse Collar
16:32 Castle Age
20:22 Scale Barding Armor
20:37 Bow Saw
21:58 Wheelbarrow
22:11 Bloodlines
25:56 Heavy Plow
25:49 Stone Mining
27:51 Husbandry
30:55 Hand Cart
33:24 Town Watch
33:39 Gold Mining
34:22 Chain Barding Armor
33:37 Light Cavalry
33:40 Pikeman
34:51 Forging
37:25 Imperial Age
36:48 Fletching
37:34 Iron Casting
37:40 Gold Shaft Mining
37:41 Stone Shaft Mining
37:29 Masonry
37:40 Ballistics
37:27 Cavalier
37:30 Heavy Camel Rider
38:19 Caravan
39:25 Conscription
40:11 Two-Man Saw
39:45 Crop Rotation
40:21 Plate Barding Armor
41:44 Blast Furnace
41:11 Scale Mail Armor
43:13 Halberdier
43:55 Squires
43:46 Halberdier
44:52 Bodkin Arrow
45:15 Chain Mail Armor
45:09 Padded Archer Armor
46:56 Chemistry
45:41 Elite Skirmisher
46:01 Savar
48:14 Hoardings
48:21 Plate Mail Armor
48:38 Architecture
48:04 Murder Holes
48:41 Savar
49:40 Leather Archer Armor
49:42 Kamandaran
51:11 Ring Archer Armor
59:07 Capped Ram
DeeperDeeper
0:50 Loom
13:51 Feudal Age
13:57 Man-at-Arms
14:22 Arson
14:35 Double-Bit Axe
14:42 Horse Collar
15:20 Forging
15:10 Scale Mail Armor
19:56 Fletching
26:55 Castle Age
25:40 Stone Mining
26:05 Town Watch
27:41 Wheelbarrow
28:16 Fervor
28:21 Bow Saw
30:00 Gold Mining
35:48 Imperial Age
35:06 Iron Casting
34:46 Chain Mail Armor
36:08 Capped Ram
40:07 Plate Mail Armor
41:38 Blast Furnace
43:13 Two-Man Saw
43:06 Pikeman
43:46 Squires
45:32 Illumination
46:18 Gold Shaft Mining
45:32 Halberdier
47:29 Theocracy
47:10 Block Printing
46:56 Devotion
47:58 Heavy Plow
49:44 Elite Samurai
51:00 Hoardings
53:07 Gambesons
55:29 Hand Cart
55:15 Town Patrol
WolffJesu
10:11 Loom
12:37 Feudal Age
13:05 Double-Bit Axe
16:22 Castle Age
14:27 Horse Collar
17:28 Wheelbarrow
19:06 Bow Saw
23:52 Stone Mining
24:55 Gold Mining
28:53 Imperial Age
26:40 Fletching
26:51 Padded Archer Armor
27:04 Heavy Plow
27:41 Scale Barding Armor
27:32 Bodkin Arrow
27:45 Treadmill Crane
28:48 Husbandry
29:00 Bloodlines
29:38 Chain Barding Armor
29:11 Cavalier
31:14 Chemistry
32:05 Conscription
32:22 Coinage
32:30 Plate Barding Armor
32:40 Paladin
35:35 Bracer
35:36 Padded Archer Armor
35:45 Corvinian Army
37:11 Town Watch
38:55 Crop Rotation
39:25 Masonry
41:43 Caravan
44:34 Banking
49:47 Gold Shaft Mining
49:18 Scale Mail Armor
61:12 Town Patrol
61:28 Hand Cart
vuongan255
11:17 Feudal Age
12:54 Loom
17:12 Castle Age
16:59 Double-Bit Axe
17:33 Fletching
18:31 Crossbowman
23:47 Bodkin Arrow
25:27 Padded Archer Armor
29:03 Thumb Ring
32:09 Bow Saw
31:40 Horse Collar
33:13 Gold Mining
35:19 Heavy Plow
36:53 Gold Shaft Mining
37:43 Squires
41:25 Imperial Age
39:48 Leather Archer Armor
42:34 Parthian Tactics
44:43 Bloodlines
46:49 Heavy Cavalry Archer
49:26 Chemistry
49:13 Wheelbarrow
52:22 Chemistry
51:31 Elite Skirmisher
56:49 Ballistics
57:09 Caravan
58:23 Town Watch
63:11 Hand Cart
Connection lost

Rejoining the realm…

Still unreachable

The connection could not be restored.

Session expired

The server has moved on; the page needs a fresh start.